 Dungeon Crawl Stone Soup version 0.31.0-11-ge490571c62 (webtiles) character file.

Game seed: 9381768552209153279

3980 hawla the Slicer (level 10, -1/78 HPs)
             Began as a Minotaur Fighter on Feb 11, 2024.
             Was a Believer of Makhleb.
             Slain by Erica
             ... wielding a +3 scimitar of flaming
              (16 damage)
             ... on level 8 of the Dungeon.
             The game lasted 00:14:05 (7479 turns).

hawla the Slicer (Minotaur Fighter)                 Turns: 7479, Time: 00:14:06

Health: -1/78      AC: 13    Str: 20    XL:     10   Next: 2%
Magic:  0/15       EV:  4    Int:  5    God:    Makhleb [**....]
Gold:   392        SH:  5    Dex: 15    Spells: 9/9 levels left

rFire   . . .        D - +6 shillelagh "Devastator" {shatter}
rCold   . . .        c - +0 buckler
rNeg    . . .        E - +0 plate armour
rPois   .            (helmet restricted)
rElec   .            i - +0 cloak
rCorr   .            h - +0 pair of gloves
SInv    +            (no boots)
Will    .....        r - amulet of guardian spirit Stlth
                     k - ring of flight
HPRegen 0.33/turn    t - ring of see invisible
MPRegen 0.14/turn

%: guardian spirit
@: flying, constricted
A: horns 2, retaliatory headbutt
a: Renounce Religion, Minor Destruction


You were on level 8 of the Dungeon.
You worshipped Makhleb.
Makhleb was pleased with you.
You visited 2 branches of the dungeon, and saw 9 of its levels.
You also visited: Sewer.

You collected 392 gold pieces.

Inventory:

Hand Weapons
 a - a +0 long sword
 o - a +2 dagger of venom
 y - the +8 trident of the Octopus King {venom, rElec rPois}
   (You found it on level 7 of the Dungeon)

   rElec:     It insulates you from electricity.
   rPois:     It protects you from poison
 D - the +6 shillelagh "Devastator" (weapon) {shatter}
   (You found it on level 7 of the Dungeon)
Missiles
 g - 31 poisoned darts (quivered)
 n - 3 curare-tipped darts
Armour
 c - a +0 buckler (worn)
 h - a +0 pair of gloves (worn)
 i - a +0 cloak (worn)
 E - a +0 plate armour (worn)
Jewellery
 k - a ring of flight (left hand)
 r - an amulet of guardian spirit (around neck)
 t - a ring of see invisible (right hand)
 B - a ring of wizardry
 C - a ring of ice
Wands
 l - a wand of paralysis (9)
 x - a wand of flame (29)
 A - a wand of light (5)
Scrolls
 u - a scroll of teleportation
Potions
 b - a potion of resistance
 d - 8 potions of might
 e - 5 potions of curing
 f - a potion of mutation
 j - a potion of invisibility
 m - a potion of heal wounds {unknown}
 q - 2 potions of brilliance
 v - 2 potions of haste {unknown}
 w - a potion of magic {unknown}
 z - 2 potions of ambrosia


   Skills:
 - Level 4.0 Fighting
 + Level 8.8(8.9) Short Blades
 - Level 2.4(6.5) Long Blades
 - Level 6.0 Throwing
 - Level 3.6 Armour
 - Level 5.0 Dodging
 - Level 1.0 Stealth
 - Level 5.0 Shields
 + Level 8.0 Invocations
 - Level 2.0 Evocations


You had 9 spell levels left.
You didn't know any spells.
Your spell library was empty.

Dungeon Overview and Level Annotations

Branches:
Dungeon (8/15)             Temple (1/1) D:5            Lair (0/5) D:8
  Sewer (visited)

Altars:
Ashenzari
Cheibriados
Dithmenos
Elyvilon
Fedhas
Hepliaklqana
Kikubaaqudgha
Makhleb
Nemelex Xobeh
Okawaru
Qazlal
Ru
Sif Muna
Trog
Uskayaw
Vehumet
Wu Jian
Xom
Zin
The Shining One

Annotations:
D:8 Erica


Innate Abilities, Weirdness & Mutations

You have a pair of horns on your head.
You reflexively headbutt those who attack you in melee.


Message History

Erica is moderately wounded.
Erica hits you with a +3 scimitar of flaming.
Erica burns you. Erica constricts you.
Erica hits you with a +3 scimitar of flaming.
Erica burns you. Erica constricts you.
You miss Erica.
Erica is moderately wounded.
Erica hits you with a +3 scimitar of flaming!
Erica burns you. Erica constricts you.
Unknown command.
You hit Erica.
Erica shudders.
Erica is severely wounded. x2
Erica hits you with a +3 scimitar of flaming.
Erica burns you. Erica constricts you.
Unknown command.
You barely miss Erica.
Erica is severely wounded.
Erica hits you with a +3 scimitar of flaming!
Erica burns you. Erica constricts you.
Erica stares at you and mumbles some strange words.
The bolt of poison hits you!!
You are poisoned.
* * * LOW HITPOINT WARNING * * *
Erica constricts you.
* * * LOW HITPOINT WARNING * * *
As you read the scroll of fear, it crumbles to dust.
You assume a fearsome visage.
Erica resists with some effort.
* * * LOW HITPOINT WARNING * * *
You feel very sick.
Erica screams, "I'll never tell where it is!"
Erica hits you with a +3 scimitar of flaming.
* * * LOW HITPOINT WARNING * * *
Erica burns you.
* * * LOW HITPOINT WARNING * * *
Erica constricts you.
Unknown command.
You feel better.
Erica hits you with a +3 scimitar of flaming!!
You die...
Erica begins burbling mirthfully and uncontrollably.

#.####..#####.#
#.......)......#
.######..#######
#...# ##..# #..#
#..# #########..#
#.@........#
#x########.......
#. ######## #. #.
#. #. #.


You could see Erica.

Vanquished Creatures
  A two-headed ogre (D:6)
  Maurice (D:7)
  Prince Ribbit (D:7)
  2 steam dragons (D:7)
  A water moccasin (D:7)
  Duvessa (D:7)
  A black bear (D:4)
  2 orc warriors
  An ice beast (D:6)
  An ogre (D:5)
  3 centaurs
  5 kobold brigands
  A brain worm (Sewer)
  A bullfrog (D:4)
  4 scorpions (D:6)
  A gnoll sergeant (D:8)
  Dowan (D:7)
  3 bombardier beetles
  5 hounds
  4 iguanas
  An orc wizard (D:7)
  A hound skeleton (D:2)
  9 gnolls
  13 adders
  2 shadow imps (D:7)
  2 white imps
  2 adder zombies (D:2)
  2 dart slugs
  4 ribbon worms
  11 orcs
  6 bats
  A bat zombie (D:2)
  11 endoplasms
  5 giant cockroaches
  6 goblins
  11 hobgoblins
  3 quokkas
  8 ball pythons
  5 frilled lizards
  12 kobolds
  2 quokka zombies (D:2)
  8 rats
165 creatures vanquished.

Vanquished Creatures (others)
  A sky beast (D:7)
1 creature vanquished.

Grand Total: 166 creatures vanquished

Notes
Turn   | Place    | Note
-------+----------+-------------------------------------------
     0 | D:1      | hawla the Minotaur Fighter began the quest for the Orb.
     0 | D:1      | Reached XP level 1. HP: 19/19 MP: 0/0
   181 | D:1      | Reached skill level 1 in Stealth
   217 | D:1      | Reached XP level 2. HP: 27/27 MP: 1/1
   235 | D:1      | Found Duosm's Antique Weapon Boutique.
   295 | D:1      | You fall into a shaft and drop 1 floor!
   301 | D:2      | Reached skill level 1 in Dodging
   306 | D:2      | Reached XP level 3. HP: 19/33 MP: 2/2
   906 | D:2      | Reached XP level 4. HP: 35/40 MP: 3/3
   973 | D:2      | Found an ornate altar of the Wu Jian Council.
  1649 | D:3      | Reached skill level 5 in Shields
  1876 | D:3      | Found a faded altar of an unknown god.
  1984 | D:3      | Reached XP level 5. HP: 24/46 MP: 4/4
  2531 | D:4      | Noticed a black bear
  2541 | D:4      | Killed a black bear
  2542 | D:4      | Reached skill level 5 in Dodging
  2542 | D:4      | Reached skill level 1 in Evocations
  2542 | D:4      | Reached XP level 6. HP: 46/52 MP: 5/5
  2830 | D:4      | Reached skill level 1 in Throwing
  3159 | D:5      | Entered Level 5 of the Dungeon
  3309 | D:5      | Reached XP level 7. HP: 44/59 MP: 4/6
  3513 | D:5      | Found a staircase to the Ecumenical Temple.
  3540 | Temple   | Entered the Ecumenical Temple
  3563 | Temple   | Became a worshipper of Makhleb the Destroyer
  4450 | D:6      | Reached skill level 5 in Throwing
  4503 | D:6      | Found a glowing drain.
  4507 | Sewer    | Entered a sewer
  4562 | Sewer    | Reached skill level 1 in Short Blades
  4562 | Sewer    | Reached skill level 1 in Invocations
  4758 | Sewer    | Reached XP level 8. HP: 49/66 MP: 4/8
  4899 | Sewer    | Reached * piety under Makhleb
  5253 | D:6      | Found a shimmering altar of Xom.
  5405 | D:6      | Found a hazy altar of Hepliaklqana.
  5673 | D:6      | Noticed a two-headed ogre
  5676 | D:6      | Found a bloodstained altar of Trog.
  5692 | D:6      | Killed a two-headed ogre
  5693 | D:6      | Reached skill level 5 in Short Blades
  5693 | D:6      | Reached skill level 5 in Invocations
  5693 | D:6      | Reached XP level 9. HP: 46/71 MP: 5/11
  5971 | D:6      | Found a sacrificial altar of Ru.
  6036 | D:7      | Noticed Prince Ribbit
  6045 | D:7      | Killed Prince Ribbit
  6187 | D:7      | Noticed Duvessa
  6197 | D:7      | Noticed Dowan
  6381 | D:7      | Found an ornate altar of the Wu Jian Council.
  6399 | D:7      | Killed Duvessa
  6405 | D:7      | Killed Dowan
  6501 | D:7      | Found the +8 trident of the Octopus King {venom, rElec
                  | rPois}
  6511 | D:7      | Noticed Maurice
  6519 | D:7      | Something stole a ring of wizardry
  6524 | D:7      | Something stole 342 gold
  6528 | D:7      | Something stole the +8 trident of the Octopus King {venom,
                  | rElec rPois}
  6885 | D:7      | Killed Maurice
  7193 | D:7      | Found the +6 shillelagh "Devastator" {shatter}
  7414 | D:8      | Found a staircase to the Lair.
  7439 | D:8      | Reached ** piety under Makhleb
  7441 | D:8      | Reached XP level 10. HP: 75/78 MP: 12/14
  7472 | D:8      | Noticed Erica
  7479 | D:8      | Slain by Erica

Illustrated notes

Levels and vault maps discovered:
D:1:      moated_graveyard_arrival, layout_basic, serial_shops,
          nicolae_shop_real_fake_doors
D:2:      layout_loops_ring, serial_undead, serial_undead_f, serial_undead_c,
          serial_undead_c, serial_undead_a, serial_undead_f, basic_altar
D:3:      layout_basic, dreamdust_ecumenical_altar_angels_and_demons
D:4:      layout_basic
D:5:      minmay_spotlight, layout_basic, minmay_temple_entry_ruins,
          minmay_misc_feat_iff, serial_bayou_pond_c
D:6:      layout_basic, kennysheep_mini_moat, kennysheep_mini,
          lemuel_crystal_altar, trog_butcher_becter,
          mainiacjoe_sewer_entry_somewhere_in_here_2, moated_statue,
          hangedman_decor_riveting, minmay_misc_feat_encased,
          blue_anna_alchemist
D:7:      layout_cave_pods, kennysheep_little_box, uniq_prince_ribbit1,
          uniq_duvessa, uniq_maurice
D:8:      layout_loops_ring, lair_entry_dummy, uniq_erica
Temple:   regret_index_temple_generic_petals

Skill      XL: |  1  2  3  4  5  6  7  8  9 10 |
---------------+-------------------------------+-----
Stealth        | 1 |  1.0
Fighting       | 4 |  4.0
Dodging        | 1 2 3 5 |  5.0
Shields        | 4 5 |  5.0
Evocations     | 1 2 |  2.0
Throwing       | 3 6 |  6.0
Short Blades   | 2 5 8 |  8.8
Invocations    | 1 5 7 8 |  8.0
Long Blades    | |  2.4
Armour         | |  3.6

Action                     |  1- 3 |  4- 6 |  7- 9 | 10-12 || total
---------------------------+-------+-------+-------+-------++-------
  Melee: Long sword        |    70 |    96 |       |       ||   166
         Headbutt          |    11 |    30 |    63 |     1 ||   105
         Dagger            |       |    89 |   249 |       ||   338
         Trident           |       |       |    14 |       ||    14
         Shillelagh        |       |       |     4 |     9 ||    13
  Throw: Dart              |       |     1 |     6 |       ||     7
  Evoke: Wand              |       |     2 |     1 |       ||     3
    Use: Scroll            |       |     1 |     9 |     1 ||    11
         Potion            |       |     1 |       |     1 ||     2
   Stab: Paralysed         |       |     2 |     2 |       ||     4
 Armour: Scale mail        |    41 |    67 |       |       ||   108
         Chain mail        |       |    73 |   170 |       ||   243
         Plate armour      |       |       |     6 |    11 ||    17
  Dodge: Dodged            |    29 |    82 |    88 |     3 ||   202
  Block: Buckler           |    19 |    36 |    67 |     3 ||   125
